 Dungeon Crawl Stone Soup version 0.22.1-6-g1668fe2 (webtiles) character file.

53 Midnightshade40 the Skirmisher (level 3, 0/33 HPs)
             Began as a Draconian Berserker on Jan 18, 2019.
             Was a Believer of Trog.
             Slain by an adder (3 damage)
             ... on level 2 of the Dungeon.
             The game lasted 00:13:40 (1339 turns).

Midnightshade40 the Skirmisher (DrBe)               Turns: 1339, Time: 00:13:41

Health: 0/33       AC:  5    Str: 20    XL:     3   Next: 62%
Magic:  3/3        EV: 13    Int:  7    God:    Trog [**....]
Gold:   37         SH:  0    Dex: 10    Spells: 2/2 levels left

rFire    . . .     SeeInvis .   g - -1 dagger (curse)
rCold    . . .     Gourm    .   (no shield)
rNeg     . . .     Faith    .   (armour unavailable)
rPois    .         Spirit   .   (helmet restricted)
rElec    .         Reflect  .   (no cloak)
rCorr    .         Harm     .   (no gloves)
MR       .....                  (no boots)
Stlth    +.........             (no amulet)
HPRegen  0.11/turn              (no ring)
MPRegen  0.08/turn              (no ring)

@: lethally poisoned (0 -> -2)
A: unfitting armour, cold-blooded, AC +5
a: Berserk, Trog's Hand, Renounce Religion


You were on level 2 of the Dungeon.
You worshipped Trog.
Trog was pleased with you.
You were not hungry.

You visited 1 branch of the dungeon, and saw 2 of its levels.

You collected 37 gold pieces.

Inventory:

Hand Weapons
 a - a +0 falchion
 f - a +0 whip
 g - a cursed -1 dagger (weapon)
 j - a +0 short sword
 k - a +0 short sword
 l - a +0 dagger
 o - a +0 hunting sling
Missiles
 d - 68 stones (quivered)
 i - 17 bolts
 m - 37 sling bullets
 n - 12 poisoned needles
Potions
 e - a potion of haste {unknown}
 h - a potion of agility {unknown}
Comestibles
 b - 2 rations
 c - 2 chunks of flesh


   Skills:
 + Level 3.9 Fighting
 + Level 0.1(2.1) Short Blades
 + Level 3.4(3.5) Long Blades
 + Level 0.3 Maces & Flails
 + Level 3.3 Dodging


You had 2 spell levels left.
You didn't know any spells.
Your spell library was empty.

Dungeon Overview and Level Annotations

Branches:
Dungeon (2/15)

Altars:


Innate Abilities, Weirdness & Mutations

Your plain brown scales are hard. (AC +5)
You cannot fit into any form of body armour.
You are cold-blooded and may be slowed by cold attacks.


Message History

You miss the adder. The adder bites you but does no damage.
The rat bites you but does no damage.
You barely miss the adder.
Your tail-slap misses the adder.
The adder bites you but does no damage. The rat closely misses you.
You hit the adder but do no damage. The adder bites you.
The rat barely misses you.
You closely miss the adder. The adder bites you.
You barely miss the adder. The adder bites you but does no damage.
The rat misses you. The adder bites you.
* * * LOW HITPOINT WARNING * * *
You are poisoned.
The adder poisons you!
You closely miss the adder.
* * * LOW HITPOINT WARNING * * *
You feel sick. The rat barely misses you. The adder barely misses you.
You miss the adder. The rat closely misses you. The adder misses you.
* * * LOW HITPOINT WARNING * * *
You feel sick. The adder closely misses you. The adder bites you.
You die...

........# P..P....##
.........# .....P.$.#
.....!...#
.........#########
.....P...........#
.......†.....Sr..#
P..P..........@..#
.................####
....##..............##
..# #...............##
. ........###.......#
##..####...#.......#
#..## ####.........#
##....##...###.....##
............##.....##


You could see an adder and a rat.

Vanquished Creatures
  A gnoll (D:1)
  2 adders (D:2)
  A dart slug (D:1)
  2 leopard geckos (D:1)
  A giant cockroach (D:1)
  3 goblins
  A hobgoblin (D:2)
  A ball python (D:1)
  4 bats (D:1)
  A frilled lizard (D:1)
  4 kobolds (D:1)
  3 rats
24 creatures vanquished.

Notes
Turn   | Place    | Note
-------+----------+-------------------------------------------
     0 | D:1      | Midnightshade40 the Draconian Berserker began the quest for
                  | the Orb.
     0 | D:1      | Reached XP level 1. HP: 19/19 MP: 1/1
   151 | D:1      | Reached XP level 2. HP: 24/26 MP: 2/2
  1163 | D:1      | Reached XP level 3. HP: 33/33 MP: 3/3
  1322 | D:2      | Reached ** piety under Trog
  1339 | D:2      | Slain by an adder

Skill      XL: |  1  2 |
---------------+-------+-----
Dodging        | 3 |  3.3
Fighting       | |  3.9
Short Blades   | |  0.1
Long Blades    | |  3.4
Maces & Flails | |  0.3

Action                   || total
-------------------------++-------
Melee: Falchion          ||    21
       Dagger            ||    73
       Whip              ||     6
       Tailslap          ||    10
Throw: Stone             ||     2
  Use: Scroll            ||     1
  Eat: Chunk             ||     1
Armor: Skin              ||    32
Dodge: Dodged            ||   100
       Rpst.: Falchion   ||    11
